[Event "*** Titled Tuesday Blitz"]
[Site "Chess.com"]
[Date "2018.06.05"]
[Round "4"]
[White "plouarzel"]
[Black "Blackmind96"]
[Result "0-1"]
[WhiteElo "2420"]
[BlackElo "2560"]
[TimeControl "180+2"]
[EndTime "13:55:23 PDT"]
[Termination "Blackmind96 won by resignation"]

1. e4 e6 2. d4 d5 3. Nd2 Be7 4.
Ngf3 Nf6 5. e5 Nfd7 6. c3 c5 7.
Bd3 b6 8. O-O Ba6 9. Ne1 Qc8 10.
Qg4 g6 11. a3 Nc6 12. b4 Bxd3 13. Nxd3 Qa6 14. Nf4 cxd4 15. cxd4 Nxd4 16. Bb2 Nf5 17. Nf3 h5 18. Qh3 Qc4 19. Bc1 Kf8 20. g4 Nd4 21. gxh5 g5 22. Nxd4 Qxd4 23. Nxe6+ fxe6 24. Qxe6 Nxe5 25. Qf5+ Kg7 26. Bxg5 Rxh5 27. Rad1 Rxg5+ 28. Qxg5+ Bxg5 29. Rxd4 Nf3+ 0-1

[Event "*** Titled Tuesday Blitz"]
[Site "Chess.com"]
[Date "2018.06.05"]
[Round "4"]
[White "GoingKronos"]
[Black "ruvat"]
[Result "1-0"]
[WhiteElo "2335"]
[BlackElo "2265"]
[TimeControl "180+2"]
[EndTime "13:55:26 PDT"]
[Termination "GoingKronos won by resignation"]

1. Nf3 d6 2. d4 g6 3. e4 Bg7 4.
Bc4 Nf6 5. Qe2 O-O 6. e5 dxe5 7. dxe5 Nd5 8. O-O Nc6 9. Rd1 e6 10. Bg5 f6 11. exf6 Bxf6 12. h4 Nce7 13. Nc3 c6 14.
Ne4 Bxg5 15. hxg5 Qc7 16. Bxd5 exd5 17. Nf6+ Kg7 18. Re1 Ng8 19. Ne8+ Rxe8 20. Qxe8 b6 21. Re3 Qd7 22. Rae1 Qxe8 23. Rxe8 Bb7 24. Rxa8 Bxa8 25. Re8 Bb7 26. Rb8 Ba6 27. Ra8 1-0

[Event "*** Titled Tuesday Blitz"]
[Site "Chess.com"]
[Date "2018.06.05"]
[Round "4"]
[White "Micki-taryan"]
[Black "Parhamov"]
[Result "1-0"]
[WhiteElo "2833"]
[BlackElo "2827"]
[TimeControl "180+2"]
[EndTime "13:55:30 PDT"]
[Termination "Micki-taryan won by resignation"]

1. e4 g6 2. d4 Bg7 3. Nf3 e6 4. Bd3 Ne7 5. O-O O-O 6. c3 b6 7.
Re1 Bb7 8. a4 a6 9. Na3 d5 10. e5 c5 11. Nc2 Nbc6 12. Bf4 c4 13.
Bf1 b5 14. Qd2 Na5 15. Ra3 Nb3 16. Qe2 bxa4 17. Rxa4 a5 18. Na1 Bc6 19. Ra3 a4 20. Nc2 Nf5 21. Nb4 Bb5 22. g3 Qe7 23. Bg5 Qb7 24. h4 Rfb8 25. Bh3 Bd7 26. Bxf5 exf5 27. Qe3 Bf8 28. Bf6 Be6 29. h5 Qd7 30. Kg2 Na5 31.
Rh1 Nc6 32. Ng5 Nxb4 33. hxg6 fxg6 34. Rxh7 Qxh7 35. Nxh7 Kxh7 36. Ra1 f4 37. Rh1+ Kg8 38. Qxf4 Bf5 39. e6 Bxe6 40. Qc7 1-0

[Event "*** Titled Tuesday Blitz"]
[Site "Chess.com"]
[Date "2018.06.05"]
[Round "4"]
[White "Kimster98"]
[Black "Usurpov"]
[Result "1/2-1/2"]
[WhiteElo "2554"]
[BlackElo "2427"]
[TimeControl "180+2"]
[EndTime "13:55:30 PDT"]
[Termination "Game drawn by agreement"]

1. Nf3 Nf6 2. c4 g6 3. Nc3 d5 4. cxd5 Nxd5 5. Qa4+ Bd7 6. Qh4 Nxc3 7. dxc3 Nc6 8. e4 e5 9. Bg5 Be7 10. Bxe7 Qxe7 11. Qxe7+ Kxe7 12. Bc4 f6 13. Bd5 Nd8 14. Nd2 c6 15. Bc4 Be6 16. O-O-O Nf7 17. Bxe6 Kxe6 18.
Nc4 b6 19. a4 Rhd8 20. b4 Nd6 21. Nxd6 Rxd6 22. Rxd6+ Kxd6 23. Rd1+ Ke6 24. Kc2 f5 25. Re1 Rd8 26. f3 h5 27. b5 c5 28. Rf1 h4 29.
Re1 Rd7 30. Re2 Rd8 31. Rd2 Rxd2+ 32. Kxd2 f4 33. Kd3 g5 34. Kc4 Kd6 35. Kd3 Ke6 36.
c4 Kd6 37. Ke2 Ke6 38. Kf2 Kd6 39. g3 h3 40. g4 1/2-1/2

[Event "*** Titled Tuesday Blitz"]
[Site "Chess.com"]
[Date "2018.06.05"]
[Round "4"]
[White "nochewycandy"]
[Black "MateusViageiro"]
[Result "0-1"]
[WhiteElo "2087"]
[BlackElo "2174"]
[TimeControl "180+2"]
[EndTime "13:55:39 PDT"]
[Termination "MateusViageiro won by resignation"]

1. e4 c5 2. Nf3 d6 3. Bb5+ Nd7 4. O-O a6 5. Bd3 Ngf6 6. c4 e6 7. Nc3 Be7 8. Bc2 O-O 9. d4 cxd4 10. Nxd4 Qc7 11. Qe2 Ne5 12. b3 Bd7 13. Bb2 Qc5 14. Rfd1 Rab8 15. f4 Nc6 16. Na4 Qa7 17. Kh1 b5 18. cxb5 axb5 19. Nxb5 Qa6 20. Bd3 Nb4 21. Nbc3 Nxd3 22. Qxd3 Qxd3 23. Rxd3 Bxa4 24. Nxa4 Nxe4 25. Kg1 d5 26. Bd4 Rfc8 27. Rdd1 Rc2 28. Rdc1 Rbc8 29. Rxc2 Rxc2 30. Nb2 f6 31. Nd3 Rd2 32. Bf2 Rxd3 33. a4 Rxb3 34. a5 Nxf2 35. Kxf2 Rb8 36. a6 Kf8 37. Ke3 Bc5+ 38. Kd3 Ke7 39. Ra5 Kd6 40. g4 e5 41. fxe5+ fxe5 42. a7 Ra8 43. Ra6+ Kc7 44. Ra5 Kb6 45. Rxc5 Kxc5 0-1

[Event "*** Titled Tuesday Blitz"]
[Site "Chess.com"]
[Date "2018.06.05"]
[Round "4"]
[White "ChainsOfFantasia"]
[Black "PrinceMurad09"]
[Result "0-1"]
[WhiteElo "2412"]
[BlackElo "2415"]
[TimeControl "180+2"]
[EndTime "13:55:41 PDT"]
[Termination "PrinceMurad09 won by resignation"]

1. d4 Nf6 2. Nf3 g6 3. c4 Bg7 4. Nc3 d6 5. e4 O-O 6. Be2 e5 7. O-O Nc6 8. dxe5 Nxe5 9. Nxe5 dxe5 10. b4 c6 11. Qb3 Be6 12. Ba3 Qc7 13. b5 Rfd8 14.
Rfd1 Bf8 15. Bxf8 Kxf8 16. Na4 Nxe4 17. Qe3 f5 18. Nc5 Nxc5 19. Qxc5+ Kf7 20. bxc6 bxc6 21. h4 e4 22. h5 Qb6 23. Qe5 Qb8 24. Rxd8 Qxe5 25.
Rxa8 Qxa1+ 26. Kh2 Qxa2 0-1

[Event "*** Titled Tuesday Blitz"]
[Site "Chess.com"]
[Date "2018.06.05"]
[Round "4"]
[White "dalmatinac101"]
[Black "Divertissement"]
[Result "1-0"]
[WhiteElo "2725"]
[BlackElo "2544"]
[TimeControl "180+2"]
[EndTime "13:55:53 PDT"]
[Termination "dalmatinac101 won by resignation"]

1. e4 g6 2. d4 Bg7 3. Nc3 c6 4. f4 d5 5. e5 h5 6. Nf3 Nh6 7. h3 Na6 8. Be3 Qb6 9. Rb1 Nf5 10. Bf2 h4 11. a3 Nc7 12. Bd3 Ne6 13. Qd2 Bh6 14. Ne2 Ng3 15. Bxg3 hxg3 16. O-O Bd7 17.
b4 a6 18. c3 Qc7 19. Ng5 a5 20. Nxg3 axb4 21. axb4 b5 22. Ra1 Ra4 23. Bc2 Rxa1 24. Rxa1 O-O 25. h4 Bxg5 26. hxg5 Ng7 27. Rf1 Nf5 28.
Bxf5 Bxf5 29. Nxf5 gxf5 30. Qd3 Qd7 31. Rf3 Kg7 32.
Rh3 Rh8 33. Rxh8 Kxh8 34. Qh3+ Kg8 35. Qh6 Qa7 36. e6 Qa1+ 37. Kh2 Qc1 38. exf7+ Kxf7 39. g6+ Ke8 40. Qg5 Kf8 41. Qxf5+ Ke8 42. g7 1-0

[Event "*** Titled Tuesday Blitz"]
[Site "Chess.com"]
[Date "2018.06.05"]
[Round "4"]
[White "CookiesAndIceCream"]
[Black "Xeniya2005"]
[Result "0-1"]
[WhiteElo "1999"]
[BlackElo "1910"]
[TimeControl "180+2"]
[EndTime "13:55:53 PDT"]
[Termination "Xeniya2005 won by resignation"]

1. e4 c5 2. Nf3 Nc6 3. d4 cxd4 4. Nxd4 Nf6 5. Nc3 e6 6. Ndb5 Bb4 7. Bf4 Nxe4 8. Qf3 d5 9. Nc7+ Kf8 10. Nxa8 Nd4 11. Qd3 Qf6 12. Be3 Nf5 13. Be2 Nxc3 14. Bd2 Nxe2 15. Bxb4+ Kg8 16. Qxe2 Qxb2 17. O-O Qxb4 18. Nc7 g6 19. Ne8 Qe7 20. g4 Nh4 21. Qb5 Bd7 22. Nf6+ Qxf6 23. Qxd7 Kg7 24. f4 Qd4+ 25. Rf2 Qxa1+ 0-1

[Event "*** Titled Tuesday Blitz"]
[Site "Chess.com"]
[Date "2018.06.05"]
[Round "4"]
[White "Siemba"]
[Black "DiamondCrusher22"]
[Result "0-1"]
[WhiteElo "2022"]
[BlackElo "1968"]
[TimeControl "180+2"]
[EndTime "13:55:58 PDT"]
[Termination "DiamondCrusher22 won by resignation"]

1. e4 e5 2. Nf3 Nc6 3. Bc4 Nf6 4. d3 d5 5. exd5 Na5 6. Nxe5 Nxc4 7. dxc4 Bd6 8. Bf4 O-O 9. O-O Ng4 10. Qd4 Qf6 11. Re1 Re8 12. Nc3 Nxe5 13. Re4 Bh3 14. Rae1 Nf3+ 15. gxf3 Qxd4 16. Rxe8+ Rxe8 17. Rxe8+ Bf8 18.
Bg3 Qd2 19. Bf4 Qxf4 20. Ne2 Qd2 21. Kh1 Qe1+ 22. Ng1 Qf1 0-1

[Event "*** Titled Tuesday Blitz"]
[Site "Chess.com"]
[Date "2018.06.05"]
[Round "4"]
[White "Perecke"]
[Black "Leo_C"]
[Result "0-1"]
[WhiteElo "1947"]
[BlackElo "2203"]
[TimeControl "180+2"]
[EndTime "13:55:59 PDT"]
[Termination "Leo_C won by resignation"]

1. e4 c5 2. Nf3 Nc6 3. c4 e6 4.
Be2 Nf6 5. Nc3 d6 6. d4 cxd4 7. Nxd4 Be7 8. O-O O-O 9. Be3 Bd7 10. Kh1 a6 11. f4 Rc8 12. Rc1 Qc7 13. Nd5 exd5 14.
cxd5 Nxe4 15. dxc6 bxc6 16. Bf3 d5 17. Bxe4 dxe4 18.
Qc2 c5 19. Qxe4 Rfe8 20. Nb3 Bc6 21. Qc2 c4 22. Nd4 Bd5 23. Kg1 Bf6 24. Rfe1 Rxe3 25. Rxe3 Bxd4 0-1

[Event "*** Titled Tuesday Blitz"]
[Site "Chess.com"]
[Date "2018.06.05"]
[Round "4"]
[White "AdrianaNikolova"]
[Black "Morshynska"]
[Result "0-1"]
[WhiteElo "2277"]
[BlackElo "2187"]
[TimeControl "180+2"]
[EndTime "13:56:00 PDT"]
[Termination "Morshynska won by resignation"]

1. e4 e5 2. Nf3 Nc6 3. Bb5 a6 4. Ba4 Nf6 5. O-O b5 6. Bb3 Bb7 7. Re1 Bc5 8. c3 d6 9. d4 Bb6 10. Bg5 h6 11. Bxf6 Qxf6 12. Bd5 Rb8 13. a4 O-O 14.
axb5 axb5 15. Na3 exd4 16. Bxc6 Bxc6 17. cxd4 Rfe8 18. d5 Bd7 19. Qc2 Bg4 20. Qd3 Qxb2 21. Rf1 Bxf2+ 22. Kh1 Bc5 23. Rfb1 Qf6 24. Nxb5 Bxf3 25.
gxf3 Rxb5 26. e5 Rxb1+ 27. Rxb1 Qxe5 28. Rf1 g6 29. Kg2 Qe2+ 0-1

[Event "*** Titled Tuesday Blitz"]
[Site "Chess.com"]
[Date "2018.06.05"]
[Round "4"]
[White "Jadeit90"]
[Black "goodtimes2020"]
[Result "1-0"]
[WhiteElo "2169"]
[BlackElo "2277"]
[TimeControl "180+2"]
[EndTime "13:56:01 PDT"]
[Termination "Jadeit90 won by resignation"]

1. g3 d5 2. Bg2 c6 3. c4 Nf6 4.
Nf3 g6 5. cxd5 cxd5 6. O-O Bg7 7. d3 O-O 8. Nc3 Nc6 9. Qa4 a6 10. Qh4 h5 11. Bg5 Bg4 12. h3 Be6 13. d4 Nh7 14.
Be3 Bf6 15. Ng5 Nxd4 16. g4 Nc2 17. Nxe6 fxe6 18. g5 Nxe3 19. gxf6 Nxf1 20. fxe7 Qe8 21. exf8=Q+ Qxf8 22.
Rxf1 Rc8 23. Qd4 Rc4 24. Qd3 Qf6 25. Nxd5 exd5 26. Qxd5+ Kf8 27. Qxc4 Ng5 28. Rc1 Qf5 29. Qc5+ Qxc5 30. Rxc5 1-0

[Event "*** Titled Tuesday Blitz"]
[Site "Chess.com"]
[Date "2018.06.05"]
[Round "4"]
[White "Gr3egor"]
[Black "Fianchettoed-Tower"]
[Result "0-1"]
[WhiteElo "2348"]
[BlackElo "2322"]
[TimeControl "180+2"]
[EndTime "13:56:01 PDT"]
[Termination "Fianchettoed-Tower won by resignation"]

1. d4 d5 2. c4 c6 3. Nf3 Nf6 4. e3 Bg4 5. h3 Bh5 6. Nbd2 e6 7. Bd3 Nbd7 8. O-O Bd6 9. b3 Qb8 10. Bb2 Bg6 11. Be2 Ne4 12. Nxe4 Bxe4 13. Ng5 Bg6 14.
f4 Nf6 15. Bd3 Bxd3 16. Qxd3 h6 17. Nf3 Ne4 18. Ne5 Bxe5 19. dxe5 Qc7 20. f5 O-O-O 21. fxe6 fxe6 22. Bd4 Kb8 23. c5 Qe7 24. b4 Rdf8 25. a4 Rxf1+ 26. Rxf1 Rf8 27. b5 Rxf1+ 28. Qxf1 Nxc5 29.
bxc6 bxc6 30. Qc1 Ne4 31. Qxc6 Qf7 32. Qb5+ Kc8 33. Qa6+ Kb8 34. Qb5+ Kc8 35. Qc6+ Kb8 36. Qc2 g5 37. a5 h5 38. a6 g4 39. Qb3+ Kc8 40. Qc2+ Kd8 41. hxg4 hxg4 42. Qe2 g3 43. Qf3 Qh7 44. Qf8+ Kd7 45. Bxa7 Qh2+ 46. Kf1 Qh1+ 47.
Ke2 Qxg2+ 48. Ke1 Qd2+ 49. Kf1 Qd1+ 50. Kg2 Qe2+ 51. Kg1 Qh2+ 52. Kf1 g2+ 0-1

[Event "*** Titled Tuesday Blitz"]
[Site "Chess.com"]
[Date "2018.06.05"]
[Round "4"]
[White "maziarbagheri"]
[Black "ChessMavenYeti"]
[Result "0-1"]
[WhiteElo "2242"]
[BlackElo "2137"]
[TimeControl "180+2"]
[EndTime "13:56:05 PDT"]
[Termination "ChessMavenYeti won on time"]

1. Nf3 d5 2. d4 Nf6 3. c4 e6 4. Nc3 Be7 5. Bg5 O-O 6. e3 h6 7. Bxf6 Bxf6 8. Bd3 b6 9. O-O dxc4 10. Bxc4 Bb7 11.
Qe2 c5 12. Rad1 cxd4 13. exd4 Qc7 14. d5 Rc8 15. Bb3 Bxc3 16. dxe6 Bf6 0-1

[Event "*** Titled Tuesday Blitz"]
[Site "Chess.com"]
[Date "2018.06.05"]
[Round "4"]
[White "Durarbayli"]
[Black "Keaton87"]
[Result "1-0"]
[WhiteElo "2665"]
[BlackElo "2454"]
[TimeControl "180+2"]
[EndTime "13:56:07 PDT"]
[Termination "Durarbayli won by resignation"]

1. e4 c5 2. Nf3 d6 3. g3 Nc6 4. Bg2 g6 5. d4 cxd4 6. Nxd4 Bd7 7. O-O Bg7 8. Ne2 Nf6 9. h3 O-O 10. Kh2 Rb8 11. Be3 b5 12. Qd2 a5 13. Bh6 Bxh6 14. Qxh6 Ne5 15. Kh1 Qc7 16. c3 b4 17.
cxb4 Rxb4 18. Nbc3 Rxb2 19. Rac1 Qb6 20. Nf4 Be6 21.
Na4 Qb4 22. Nxb2 Qxb2 23. a4 Qb4 24. Nxe6 fxe6 25. Rc7 Re8 26. f4 Nd3 27. f5 Nxe4 28. Qe3 Nec5 29. fxg6 hxg6 30. Qh6 Ne5 31. Rxe7 1-0

[Event "*** Titled Tuesday Blitz"]
[Site "Chess.com"]
[Date "2018.06.05"]
[Round "4"]
[White "Albertu"]
[Black "MFBerna"]
[Result "1-0"]
[WhiteElo "2329"]
[BlackElo "2237"]
[TimeControl "180+2"]
[EndTime "13:56:17 PDT"]
[Termination "Albertu won by resignation"]

1. e4 c6 2. d4 d5 3. Nc3 dxe4 4.
Nxe4 Nf6 5. Nxf6+ exf6 6. c3 Bd6 7. Bd3 O-O 8. Qc2 Re8+ 9. Ne2 g6 10. h4 Nd7 11. h5 Nf8 12. Bh6 Bd7 13. O-O-O f5 14. Rdg1 Qf6 15. Qd2 Ne6 16. g4 fxg4 17.
Rxg4 Kh8 18. hxg6 fxg6 19. Rxg6 Qxf2 20. Bg7+ Nxg7 21. Rxh7+ Kxh7 22. Qh6+ 1-0

[Event "*** Titled Tuesday Blitz"]
[Site "Chess.com"]
[Date "2018.06.05"]
[Round "4"]
[White "Oleksandr_Bortnyk"]
[Black "comedy_of_errors"]
[Result "1-0"]
[WhiteElo "2792"]
[BlackElo "2583"]
[TimeControl "180+2"]
[EndTime "13:56:18 PDT"]
[Termination "Oleksandr_Bortnyk won by resignation"]

1. d4 Nf6 2. Nc3 d5 3. Bf4 e6 4.
Nb5 Na6 5. e3 c6 6. Nc3 Nb8 7. Nf3 Bd6 8. Ne5 O-O 9. Bd3 c5 10. Qf3 Nc6 11. Qh3 Nb4 12. O-O-O Nxd3+ 13. Rxd3 c4 14. Rdd1 Rb8 15. Bg5 Be7 16. f3 Bd7 17. e4 b5 18. Bxf6 Bxf6 19. Nxd7 Qxd7 20. Nxd5 Bg5+ 21. f4 Bh6 22. Nf6+ gxf6 23. Qxh6 Qe7 24. Rhf1 Kh8 25. f5 Rb6 26. d5 e5 27. d6 Rxd6 28. Rxd6 Qxd6 29. Rd1 Qe7 30. Rd7 Qc5 31. Qxf6+ Kg8 32.
Qg5+ Kh8 33. f6 Rg8 34. Qxg8+ Kxg8 35. Rd8+ Qf8 36. Rxf8+ Kxf8 37. g4 h6 38. h4 Kg8 39.
Kd2 b4 40. b3 cxb3 41. axb3 Kh7 42. h5 1-0

[Event "*** Titled Tuesday Blitz"]
[Site "Chess.com"]
[Date "2018.06.05"]
[Round "4"]
[White "Quiet_Desperation"]
[Black "Rish_97"]
[Result "0-1"]
[WhiteElo "2359"]
[BlackElo "2293"]
[TimeControl "180+2"]
[EndTime "13:56:20 PDT"]
[Termination "Rish_97 won by resignation"]

1. e4 e5 2. Nf3 Nc6 3. Bb5 a6 4. Ba4 Nf6 5. d3 d6 6. c3 g6 7.
h3 Bg7 8. O-O O-O 9. Qe2 b5 10.
Bc2 Nb8 11. Rd1 Bb7 12. Nbd2 Nbd7 13. Nf1 c5 14. Ng3 Re8 15. Bg5 h6 16. Be3 d5 17.
Qd2 Kh7 18. Qe2 Qc7 19. Rac1 Rad8 20. a4 c4 21. dxc4 dxc4 22. axb5 axb5 23. Ra1 Ra8 24. Nh2 h5 25. f3 Bf8 26. Nhf1 Bc5 27. Bxc5 Nxc5 28.
Ne3 Ne6 29. Nd5 Bxd5 30. exd5 Nf4 31. Qe4 Nxe4 0-1

[Event "*** Titled Tuesday Blitz"]
[Site "Chess.com"]
[Date "2018.06.05"]
[Round "4"]
[White "twitchTriniCupid"]
[Black "Angulo07"]
[Result "0-1"]
[WhiteElo "2262"]
[BlackElo "2409"]
[TimeControl "180+2"]
[EndTime "13:56:22 PDT"]
[Termination "Angulo07 won by resignation"]

1. d4 d5 2. c4 Nf6 3. a3 e6 4. cxd5 exd5 5. Nc3 Bf5 6. Bf4 Bd6 7.
Bg5 c6 8. e3 Nbd7 9. Bd3 Bxd3 10. Qxd3 h6 11. Bh4 Qa5 12. Ne2 O-O 13. O-O Rfe8 14.
b4 Qc7 15. Bg3 Nb6 16. Rfc1 a6 17. Rab1 Rac8 18. a4 Nc4 19. b5 Bxg3 20. Nxg3 axb5 21. axb5 h5 22. Na4 h4 23. Nf5 Ng4 24. g3 hxg3 25.
hxg3 g6 26. Nh4 Rxe3 27. Qf1 Nd2 28. Qh3 Nxf2 29. Kxf2 Rxg3 30. Qh2 Qf4+ 0-1

[Event "*** Titled Tuesday Blitz"]
[Site "Chess.com"]
[Date "2018.06.05"]
[Round "4"]
[White "ChessWarrior7197"]
[Black "IMAghasiyevKamal"]
[Result "1-0"]
[WhiteElo "2684"]
[BlackElo "2473"]
[TimeControl "180+2"]
[EndTime "13:56:27 PDT"]
[Termination "ChessWarrior7197 won by resignation"]

1. d4 Nf6 2. Nf3 g6 3. Bf4 Bg7 4. e3 O-O 5. c4 d5 6. Nc3 c5 7. dxc5 Qa5 8. Bd3 dxc4 9. Bxc4 Qxc5 10. Be2 Nc6 11. O-O Bf5 12. Qb3 Qb4 13. Qxb4 Nxb4 14.
Nd4 Bd7 15. Bf3 Nd3 16. Bxb7 Rae8 17. Bg3 e5 18. Nc6 Nh5 19. Rfd1 Nc5 20. Rd5 Nxb7 21. Rxd7 Nc5 22. Rxa7 Nxg3 23. hxg3 e4 24. Rb1 Ra8 25. b4 Rxa7 26. Nxa7 Ne6 27. Nxe4 Ra8 28. Nc6 Rxa2 29. b5 1-0

[Event "*** Titled Tuesday Blitz"]
[Site "Chess.com"]
[Date "2018.06.05"]
[Round "4"]
[White "Vusatiuk_Vladimir"]
[Black "evgenysharapov"]
[Result "1-0"]
[WhiteElo "2199"]
[BlackElo "2292"]
[TimeControl "180+2"]
[EndTime "13:56:27 PDT"]
[Termination "Vusatiuk_Vladimir won by resignation"]

1. e4 c5 2. Nc3 Nc6 3. f4 g6 4.
Nf3 Bg7 5. Bb5 Nd4 6. O-O Nxb5 7. Nxb5 Nf6 8. d3 O-O 9. Qe1 d5 10. e5 Ne8 11. c4 dxc4 12. dxc4 Nc7 13. Nc3 b6 14.
Be3 Bb7 15. Rd1 Qe8 16. a4 Rd8 17. a5 Rxd1 18. Qxd1 Qd8 19. Qb3 Qd3 20. Kf2 Bxf3 21. gxf3 Ne6 22. Rd1 Qf5 23. Ne4 Nxf4 24. axb6 axb6 25.
Qxb6 Bxe5 26. Qxc5 Qh3 27. Bxf4 Bxf4 28. Rh1 Bxh2 29. Qxe7 Bg3+ 30. Nxg3 1-0

[Event "*** Titled Tuesday Blitz"]
[Site "Chess.com"]
[Date "2018.06.05"]
[Round "4"]
[White "pKiLz5Rn9b"]
[Black "GM_dmitrij"]
[Result "1-0"]
[WhiteElo "2642"]
[BlackElo "2660"]
[TimeControl "180+2"]
[EndTime "13:56:28 PDT"]
[Termination "pKiLz5Rn9b won by checkmate"]

1. b3 e5 2. Bb2 Nc6 3. e3 Nf6 4. Nf3 Bd6 5. d4 exd4 6. exd4 O-O 7. Be2 Ne7 8. O-O c6 9. c4 Bc7 10. d5 Nf5 11. Bd3 d6 12. Qc2 Qd7 13. Bxf6 gxf6 14. Nc3 Kg7 15. Rae1 c5 16. Re4 Ne7 17. h4 Ng6 18. h5 Ne5 19. Rf4 Nxd3 20. Qxd3 f5 21. Nh4 Qe7 22. Nxf5+ Bxf5 23. Qxf5 Rae8 24. Ne4 f6 25. Re1 Kh8 26. Re3 Qg7 27. h6 Qg6 28.
Qxg6 hxg6 29. Rxf6 Kh7 30. Ng5+ Kxh6 31. Rxf8 Rxf8 32.
Ne6 Rf7 33. Rh3# 1-0

[Event "*** Titled Tuesday Blitz"]
[Site "Chess.com"]
[Date "2018.06.05"]
[Round "4"]
[White "AlexZambrano"]
[Black "ezkybel"]
[Result "0-1"]
[WhiteElo "2296"]
[BlackElo "2345"]
[TimeControl "180+2"]
[EndTime "13:56:33 PDT"]
[Termination "ezkybel won by resignation"]

1. e4 e6 2. d4 d5 3. Nd2 Nf6 4. e5 Nfd7 5. Bd3 c5 6. c3 Nc6 7. Ne2 cxd4 8. cxd4 f6 9. exf6 Nxf6 10. O-O Bd6 11. Nf3 O-O 12. Ng3 a6 13. Bg5 Qc7 14. Rc1 h6 15. Be3 Ng4 16. Bd2 Qb6 17. Bc3 Bf4 18. Rb1 Bd7 19. Bc2 Nb4 20. Bxb4 Qxb4 21. Qd3 Nf6 22. Nh5 Ne4 23. a3 Qb5 24. Ng3 Bxg3 25.
hxg3 Qb6 26. a4 Rf6 27. Ne5 Be8 28. Qe3 Nd6 29. Ng4 Rf8 30. Qxe6+ Bf7 31. Qe3 Nc4 32. Qd3 g6 33. Nxh6+ Kg7 34. Nxf7 Rxf7 35. Bb3 Rc8 36. Rbc1 Qb4 37. Rc3 Nxb2 0-1

[Event "*** Titled Tuesday Blitz"]
[Site "Chess.com"]
[Date "2018.06.05"]
[Round "4"]
[White "RiskyDecision"]
[Black "petrpalachev"]
[Result "1/2-1/2"]
[WhiteElo "2517"]
[BlackElo "2691"]
[TimeControl "180+2"]
[EndTime "13:56:34 PDT"]
[Termination "Game drawn by repetition"]

1. d4 Nf6 2. Bg5 d5 3. e3 c5 4. Bxf6 gxf6 5. dxc5 e6 6. Bb5+ Bd7 7. Bxd7+ Qxd7 8.
Nf3 Bxc5 9. O-O Nc6 10. Nbd2 O-O-O 11. c4 Rhg8 12. cxd5 Qxd5 13. Nb3 Qxd1 14. Rfxd1 Be7 15. Nbd4 Nxd4 16. Rxd4 Rxd4 17. Nxd4 f5 18. Rc1+ Kb8 19. b3 a6 20. Kf1 Bf6 21. Nf3 Rd8 22. Ke2 Rd7 23.
g3 Rc7 24. Rxc7 Kxc7 25. Kd3 Kd6 26. Ne1 Kd5 27. Nc2 Be7 28. f4 h5 29. h4 b5 30. Nd4 Bc5 31. Nc2 f6 32. Ne1 Bd6 33.
Nc2 e5 34. Ne1 Bc5 35. Nc2 Ke6 36. Ne1 Bb6 37. Nc2 Ba5 38. Ke2 Kd5 39. Kd3 e4+ 40. Ke2 Bc3 41. Kd1 Kc6 42. Ke2 a5 43. Kd1 Kc5 44. Ke2 a4 45. Kd1 axb3 46. axb3 b4 47. Ke2 Kd5 48. Kd1 Kc5 49. Ke2 Kd5 50. Kd1 Kc5 51.
Ke2 Kd5 52. Kd1 Kc5 53. Ke2 Kd5 1/2-1/2

[Event "*** Titled Tuesday Blitz"]
[Site "Chess.com"]
[Date "2018.06.05"]
[Round "4"]
[White "Anurag328"]
[Black "BlueWizzard"]
[Result "1-0"]
[WhiteElo "2665"]
[BlackElo "2454"]
[TimeControl "180+2"]
[EndTime "13:56:34 PDT"]
[Termination "Anurag328 won by checkmate"]

1. Nf3 Na6 2. g3 g6 3. Bg2 Bg7 4. O-O d6 5. c4 Nf6 6. Nc3 O-O 7.
b3 c6 8. Bb2 Nc7 9. a3 e5 10. b4 e4 11. Ng5 d5 12. cxd5 cxd5 13. d3 h6 14. Nh3 e3 15. fxe3 Ng4 16. Qd2 d4 17. exd4 Bxd4+ 18. Kh1 Ne3 19. Rf4 Nxg2 20. Rxd4 Qxd4 21. Ne4 Qxe4 22. dxe4 Kh7 23. Kxg2 Bxh3+ 24. Kxh3 Ne6 25. Rf1 Rad8 26. Qc3 Rd7 27. Kg2 Rg8 28.
Qe5 Nd8 29. h4 h5 30. Rf3 Nc6 31. Qd5 Rxd5 32. Rxf7+ Kh6 33. exd5 Nb8 34. Rxb7 g5 35. Be5 Na6 36. Rxa7 gxh4 37. Rxa6+ Kg5 38. Bf6+ Kg4 39.
Bxh4 Re8 40. Rg6+ Kf5 41. Rf6+ Ke5 42. Re6+ Rxe6 43. dxe6 Kxe6 44. Kf3 Kf5 45. e4+ Ke5 46. Ke3 Kd6 47. Kd4 Kc6 48. a4 Kb6 49. e5 Kc6 50.
b5+ Kd7 51. Kc5 Ke6 52. Kd4 Kf5 53. a5 Kg4 54. a6 Kh3 55. a7 Kg2 56. Ke3 Kf1 57.
Kd2 Kf2 58. a8=Q Kf1 59. Qh1+ Kf2 60. g4# 1-0

[Event "*** Titled Tuesday Blitz"]
[Site "Chess.com"]
[Date "2018.06.05"]
[Round "4"]
[White "Bryakin_Mikhail"]
[Black "jacky72"]
[Result "0-1"]
[WhiteElo "2643"]
[BlackElo "2644"]
[TimeControl "180+2"]
[EndTime "13:56:37 PDT"]
[Termination "jacky72 won by resignation"]

1. d4 Nf6 2. c4 g6 3. Nc3 Bg7 4.
Nf3 d6 5. Bf4 O-O 6. e3 b6 7. h3 Bb7 8. Be2 Ne4 9. Nxe4 Bxe4 10. O-O Nd7 11. Rc1 e5 12. dxe5 dxe5 13. Bh2 Qe7 14.
Qa4 Nc5 15. Qa3 a5 16. Rfd1 Rfd8 17. Ne1 Rxd1 18. Rxd1 Rd8 19. Rxd8+ Qxd8 20. Qc3 Bc6 21. Bxe5 Na4 22. Qd4 Qxd4 23. Bxd4 Nxb2 24. Bxg7 Kxg7 25.
Nc2 Be4 26. Nd4 Bb1 27. a3 Ba2 28. c5 bxc5 29. Nb5 Bc4 30. Bxc4 Nxc4 31. a4 Nb2 32. Nc3 Kf6 33. Kf1 Ke5 34. Ke2 c4 35. Kd2 c6 36. f4+ Ke6 37. g4 f5 38. e4 fxe4 39.
Nxe4 Nxa4 40. Ng5+ Kd5 41. Nxh7 Ke4 42. f5 gxf5 43.
g5 Nc5 44. g6 Ne6 45. Ng5+ Kd5 46. h4 Nxg5 47. g7 Ne4+ 48. Kc1 Nf6 49. h5 Ng8 0-1

[Event "*** Titled Tuesday Blitz"]
[Site "Chess.com"]
[Date "2018.06.05"]
[Round "4"]
[White "PaulfromSPb"]
[Black "bugsbunny444"]
[Result "1-0"]
[WhiteElo "2430"]
[BlackElo "2326"]
[TimeControl "180+2"]
[EndTime "13:56:38 PDT"]
[Termination "PaulfromSPb won on time"]

1. e4 c5 2. Ne2 e6 3. g3 b6 4.
Bg2 Bb7 5. O-O d6 6. c3 Nf6 7.
f3 Nbd7 8. d4 Be7 9. Be3 O-O 10.
Nd2 Rc8 11. h3 e5 12. g4 d5 13. dxe5 Nxe5 14. f4 Nc4 15. Nxc4 dxc4 16. Ng3 Qd3 17. Qf3 Rcd8 18. g5 Nd7 19. Nf5 Rfe8 20. Rfd1 Qc2 21.
Rd2 Qa4 22. Rad1 Bc8 23. Nxe7+ Rxe7 24. f5 Rde8 25. f6 Rxe4 26. Qxe4 Rxe4 27. Bxe4 gxf6 28. gxf6 Nxf6 29. Bh6 Bd7 30. Rg2+ Kh8 31. Bg7+ Kg8 32. Bxf6+ Kf8 33. Bxh7 Qxd1+ 34. Kf2 Qd2+ 35. Kg1 Qd1+ 36. Kf2 Qd2+ 37. Kf3 1-0

[Event "*** Titled Tuesday Blitz"]
[Site "Chess.com"]
[Date "2018.06.05"]
[Round "4"]
[White "Kubas1010"]
[Black "pultineviciuspaulius"]
[Result "1-0"]
[WhiteElo "2395"]
[BlackElo "2591"]
[TimeControl "180+2"]
[EndTime "13:56:39 PDT"]
[Termination "Kubas1010 won by resignation"]

1. Nf3 Nf6 2. c4 e6 3. Nc3 b6 4.
e4 c5 5. d4 cxd4 6. Nxd4 Bb7 7. Bd3 Nc6 8. Nxc6 dxc6 9. O-O e5 10. Be3 Bd6 11. c5 Bxc5 12. Bxc5 bxc5 13. Na4 Qd4 14. Rc1 O-O 15. Nxc5 Bc8 16. Kh1 Rb8 17. b3 Rd8 18. Qe2 Qd6 19. Rfd1 Qe7 20. a3 a5 21. Qe1 Rd4 22.
Qxa5 Ng4 23. Qe1 Qh4 24. h3 Nxf2+ 25. Kg1 Nxh3+ 26. gxh3 Qxh3 27. Rc2 Bg4 28. Rh2 Qf3 29. Rdd2 Rbd8 30. Qf2 Rxd3 31. Qxf3 Bxf3 32. Rxd3 Rxd3 33. Nxd3 f6 34. Nc5 g5 35. a4 h5 36. a5 1-0